 Dungeon Crawl Stone Soup version 0.31-a0-303-gdc8c9485ea (webtiles) character file.

Game seed: 6477543582633902393

1 Hubjo the Changeling (level 1, 0/16 HPs)
             Began as a Demonspawn Shapeshifter on July 16, 2023.
             Slain by a bat (1 damage)
             ... on level 1 of the Dungeon.
             The game lasted 00:00:28 (70 turns).

Hubjo the Changeling (Demonspawn Shapeshifter)        Turns: 70, Time: 00:00:28

Health: 0/16       AC:  2    Str: 15    XL:     1   Next: 16%
Magic:  1/1        EV: 12    Int:  9    God:
Gold:   0          SH:  0    Dex: 13    Spells: 0/0 levels left

rFire   . .          .
                       - Unarmed
rCold   . . .        (no shield)
rNeg    . . .        a - +0 animal skin
rPois   .            (helmet currently unavailable)
rElec   .            (cloak currently unavailable)
rCorr   .            (gloves currently unavailable)
SInv    .            (boots currently unavailable)
Will    .....        (no amulet)
Stlth   +            (no ring)
HPRegen 0.22/turn    (no ring)
MPRegen 0.07/turn

%: no passive effects
@: beast-form
A: beast (slay +1)
a: Begin Untransformation


You were on level 1 of the Dungeon.
You were a hulking beast.
You visited 1 branch of the dungeon, and saw 1 of its levels.

Inventory:

Armour
 a - a +0 animal skin (worn)
Talismans
 c - a beast talisman
Potions
 b - a potion of lignification


   Skills:
 + Level 2.0 Fighting
 - Level 1.7 Dodging
 + Level 1.8 Unarmed Combat
 + Level 0.1 Spellcasting
 - Level 2.6 Shapeshifting


You couldn't memorise any spells.
You didn't know any spells.
Your spell library was empty.

Dungeon Overview and Level Annotations

Branches:
Dungeon (1/15)

Altars:


Message History

You hit the goblin.
The goblin is almost dead.
You closely miss the goblin.
The goblin is almost dead.
The hobgoblin closely misses you. The goblin hits you with a +0 dagger.
You barely miss the goblin.
The goblin is almost dead.
The hobgoblin hits you.
You hit the goblin.
You kill the goblin!
The hobgoblin hits you. The goblin closely misses you. x2
You are too injured to fight recklessly!
You are too injured to fight recklessly!
You are too injured to fight recklessly!
You are too injured to fight recklessly!
You are too injured to fight recklessly!
You are too injured to fight recklessly!
You are too injured to fight recklessly!
You are too injured to fight recklessly!
You are too injured to fight recklessly!
You are too injured to fight recklessly!
You are too injured to fight recklessly!
You are too injured to fight recklessly!
You are too injured to fight recklessly!
You are too injured to fight recklessly!
You are too injured to fight recklessly!
You are too injured to fight recklessly!
You are too injured to fight recklessly!
You are too injured to fight recklessly!
The hobgoblin closely misses you. The hobgoblin attacks as you move away!
The hobgoblin misses you. The hobgoblin attacks as you move away!
The hobgoblin hits you.
* * * LOW HITPOINT WARNING * * *
The hobgoblin attacks as you move away! The hobgoblin hits you.
* * * LOW HITPOINT WARNING * * *
The bat hits you but does no damage.
Okay, then.
You aren't carrying any scrolls.
You closely miss the bat. The bat hits you.
You die...

.# ## #.# #)#
##.# ... ..# ##
#.###.### ..
...#...# .#
#.#.#.# .#
###).g#.##.#
###.###.ggbh.#
........#######.
####............
##......##♣.
#..###.#.♣♣♣♣
#........♣
♣#♣♣##.###.#.♣
...<♣ #.#.♣
♣..♣# #.#.♣♣


You could see 2 hobgoblins, a goblin and a bat.

Vanquished Creatures
  A goblin (D:1)
1 creature vanquished.

Notes
Turn   | Place    | Note
-------+----------+-------------------------------------------
     0 | D:1      | Hubjo the Demonspawn Shapeshifter began the quest for the
                  | Orb.
     0 | D:1      | Reached XP level 1. HP: 16/16 MP: 1/1
    70 | D:1      | Slain by a bat

Illustrated notes

Levels and vault maps discovered:
D:1:      pf_arrival_petrified_forest, layout_loops_ring, serial_forest,
          infiniplex_forest_straight_3, infiniplex_forest_straight_3,
          infiniplex_forest_lined_2, infiniplex_forest_lined_ring,
          infiniplex_forest_end_2, infiniplex_forest_straight_3,
          chequers_ecumenical_altar_grove, roderic_roman_lattice,
          hangedman_decor_clover_reticule, minmay_indecisive_spiral

Action                     || total
---------------------------++-------
  Melee: Unarmed           ||     6
 Armour: Animal skin       ||     1
  Dodge: Dodged            ||     6

Table legend: (Time is in decaauts)
 A = Elapsed time spent in this place.
 B = Non-inter-level travel time spent in this place.
 C = Inter-level travel time spent in this place.
 D = Time resting spent in this place.
 E = Time spent auto-exploring this place.
 F = Levels seen in this place.
 G = Mean time per level.
                   A        B        C        D        E       F      G
               +--------+--------+--------+--------+--------+-----+--------+
         Total |     69 |     69 |      0 |      0 |     56 |   1 |   69.0 |
       Dungeon |     69 |     69 |      0 |      0 |     56 |   1 |   69.0 |
               +--------+--------+--------+--------+--------+-----+--------+

Top non-repeatable levels by time:
     D:1: 69 daAuts
